 Dungeon Crawl Stone Soup version 0.20.1-1-g8b1a95d (webtiles) character file.

402 polve the Chiller (level 6, -3/39 HPs)
             Began as a Merfolk Ice Elementalist on July 21, 2017.
             Was an Initiate of Yredelemnul.
             Shot with an arrow by a centaur (7 damage)
             ... on level 5 of the Dungeon.
             The game lasted 00:06:55 (5592 turns).

polve the Chiller (Merfolk Ice Elementalist)        Turns: 5592, Time: 00:06:55

Health: -3/39      AC:  8    Str:  8    XL:     6   Next: 85%
Magic:  7/9        EV: 14    Int: 16    God:    Yredelemnul [......]
Gold:   253        SH:  0    Dex: 15    Spells: 5/9 levels left

rFire    + . .     SeeInvis .   y - +1 spear (vamp)
rCold    . . .     Gourm    .   (no shield)
rNeg     . . .     Faith    .   w - +2 leather armour {rF+}
rPois    .         Spirit   .   z - +1 helmet
rElec    .         Reflect  .   (no cloak)
rCorr    .         Harm     .   x - +0 pair of gloves
MR       .....                  (no boots)
Stlth    ++........             a - amulet of rage
Regen    0.2/turn               (no ring)
MPRegen  0.2/turn               (no ring)

@: lethally poisoned (-3 -> -5), very slightly contaminated
A: change form in water, swift swim, stealthy swim, repulsion field 1, frail 1,
no potion heal 1
a: Renounce Religion, Evoke Berserk Rage


You were on level 5 of the Dungeon.
You worshipped Yredelemnul.
Yredelemnul was noncommittal.
You were very hungry.

You visited 2 branches of the dungeon, and saw 6 of its levels.

You collected 253 gold pieces.

Inventory:

Hand Weapons
 y - a +1 vampiric spear (weapon)
Armour
 w - a +2 leather armour of fire resistance (worn)
 x - a +0 pair of gloves (worn)
 z - a +1 helmet (worn)
Magical Staves
 d - an uncursed staff of conjuration {unknown}
Jewellery
 a - an amulet of rage (around neck)
Wands
 o - a wand of digging (8/24)
Scrolls
 f - a scroll of enchant armour {unknown}
 g - 3 scrolls of remove curse
 j - a scroll of amnesia {unknown}
 m - 4 scrolls of identify {unknown}
 p - a scroll of teleportation {unknown}
 t - a scroll of random uselessness {unknown}
 u - a scroll of recharging {unknown}
Potions
 e - a potion of haste
 h - 2 potions of cancellation
 v - a potion of flight
Books
 b - a book of Frost

   Spells                             Type                      Level
   a - Freeze                         Ice                          1
   b - Throw Frost                    Conjuration/Ice              2
   c - Ozocubu's Armour               Charms/Ice                   3
   d - Throw Icicle                   Conjuration/Ice              4
   e - Summon Ice Beast               Ice/Summoning                4
Comestibles
 c - 3 bread rations
 n - a royal jelly


   Skills:
 - Level 2.0 Fighting
 + Level 5.6 Polearms
 - Level 2.6 Dodging
 - Level 2.1 Stealth
 - Level 2.0 Spellcasting
   Level 0.7 Conjurations
 - Level 2.0 Charms
 + Level 5.9 Ice Magic


You had 5 spell levels left.
You knew the following spells:

 Your Spells              Type           Power        Failure   Level  Hunger
a - Freeze                Ice            ###.         2%          1    #......
b - Ozocubu's Armour      Chrm/Ice       ##......     17%         3    ###....


Dungeon Overview and Level Annotations

Branches:
Dungeon (5/15)             Temple (1/1) D:4

Altars:
Ashenzari
Cheibriados
Dithmenos
Elyvilon
Fedhas
Hepliaklqana
Kikubaaqudgha
Makhleb
Okawaru
Qazlal
Ru
Sif Muna
Trog
Vehumet
Yredelemnul
Zin

Annotations:
D:3 DrClinical's ghost, amateur HOBe


Innate Abilities, Weirdness & Mutations

You revert to your normal form in water.
You are very nimble and swift while swimming.
You are very stealthy in the water. (Stealth+)
You are surrounded by a mild repulsion field. (EV +2)
You are frail. (-10% HP)
Potions are less effective at restoring your health.


Message History

Press: ? - help, Shift-Dir - straight line, f/p - ice beast
Aim: an ice beast You freeze the ice beast.
The ice beast completely resists.
You feel sick. The centaur closely misses you.
The worker ant completely misses you. The ice beast closely misses you.
You feel sick.
The centaur wields an uncursed shortbow of flaming.
It bursts into flame!
The centaur shoots an arrow.
The arrow barely misses you.
The centaur shoots an arrow.
The arrow hits you.
* * * LOW HITPOINT WARNING * * *
You feel sick. The worker ant barely misses you.
You feel sick.
The centaur shoots an arrow.
The arrow closely misses you.
You see here an arrow.
You feel sick. The worker ant barely misses you.
You feel sick.
The centaur shoots an arrow.
The arrow closely misses you.
You see here an arrow.
The centaur shoots an arrow.
The arrow hits you!
You die...
Your body rises from the dead as a mindless zombie.

#.........# #####.#.....#
#.........#######.....#####.#
#.........##....#.##### #.#
#.........#.....#.# #.#
#........$#.....#.# #.#
'....!...(#.....#.# #.#
#.........#.....#.# #.#
#........(#..c..#.# #.#
####'#....(.Y.a(@.# #.#
#.##.####....### #.# . ..>.
#....# #.# #####..# ######
#.# #..# #.# ##.# #.# ..
###########.# #.).........#
#.###########


You could see an ice beast, a centaur and a worker ant.

Vanquished Creatures
  A sky beast (D:5)
  A crimson imp (D:3)
  2 hounds (D:4)
  An orc wizard (D:4)
  A hound skeleton (D:4)
  A howler monkey skeleton (D:4)
  A gnoll (D:4)
  5 adders (D:3)
  3 oozes (D:3)
  2 adder skeletons (D:4)
  2 dart slugs
  4 leopard geckos
  7 orcs
  A ball python (D:4)
  5 giant cockroaches
  8 goblins
  8 hobgoblins
  6 jackals
  3 quokkas
  7 bats
  5 frilled lizards
  4 kobolds
  11 rats
89 creatures vanquished.

Notes
Turn   | Place    | Note
-------+----------+-------------------------------------------
     0 | D:1      | polve the Merfolk Ice Elementalist began the quest for the Orb.
     0 | D:1      | Reached XP level 1. HP: 13/13 MP: 3/3
    91 | D:1      | Reached XP level 2. HP: 3/19 MP: 0/5
   332 | D:1      | Reached skill level 1 in Polearms
  1103 | D:1      | Reached XP level 3. HP: 24/24 MP: 6/6
  1108 | D:1      | Learned a level 3 spell: Ozocubu's Armour
  1685 | D:2      | Found a radiant altar of Vehumet.
  2078 | D:3      | Noticed DrClinical's ghost (amateur HOBe)
  2361 | D:3      | Reached XP level 4. HP: 31/31 MP: 3/7
  2487 | D:3      | Reached skill level 1 in Charms
  2523 | D:3      | Reached skill level 1 in Fighting
  3038 | D:3      | Found a white marble altar of Elyvilon.
  3182 | D:3      | Reached XP level 5. HP: 26/37 MP: 1/8
  4098 | D:4      | Found a staircase to the Ecumenical Temple.
  4102 | Temple   | Entered the Ecumenical Temple
  4113 | Temple   | Became a worshipper of Yredelemnul the Dark
  4411 | D:4      | Found a glowing silver altar of Zin.
  4514 | D:4      | Reached skill level 5 in Ice Magic
  4833 | D:4      | Reached XP level 6. HP: 44/44 MP: 9/9
  5078 | D:4      | Reached skill level 5 in Polearms
  5230 | D:5      | Entered Level 5 of the Dungeon
  5307 | D:5      | Noticed a sky beast
  5354 | D:5      | Killed a sky beast
  5358 | D:5      | Gained mutation: Your muscles are strong. (Str +2) [mutagenic meat]
  5359 | D:5      | Gained mutation: You are frail. (-10% HP) [mutagenic meat]
  5360 | D:5      | Lost mutation: Your muscles are strong. (Str +2) [mutagenic meat]
  5361 | D:5      | Gained mutation: Potions are less effective at restoring your health. [mutagenic meat]
  5362 | D:5      | Gained mutation: You are surrounded by a mild repulsion field. (EV +2) [mutagenic meat]
  5574 | D:5      | Noticed an ice beast
  5592 | D:5      | Shot with an arrow by a centaur

Skill      XL: |  1  2  3  4  5  6 |
---------------+-------------------+-----
Polearms       | 1 2 3 4 5 |  5.6
Ice Magic      | 4 5 |  5.9
Charms         | 1 2 |  2.0
Fighting       | 1 2 |  2.0
Dodging        | |  2.6
Stealth        | |  2.1
Spellcasting   | |  2.0
Conjurations   | |  0.7

Action                   |  1- 3 |  4- 6 || total
-------------------------+-------+-------++-------
Melee: Spear             |    96 |    96 ||   192
       Unarmed           |     6 |       ||     6
       Trident           |    11 |    59 ||    70
 Cast: Freeze            |    28 |    51 ||    79
  Use: Potion            |       |     7 ||     7
       Scroll            |       |     2 ||     2
 Stab: Sleeping          |     6 |     3 ||     9
       Distracted        |       |     1 ||     1
  Eat: Chunk             |     5 |    14 ||    19
       Fruit             |       |     4 ||     4
       Royal jelly       |       |     1 ||     1
Armor: Robe              |    32 |    15 ||    47
       Leather armour    |       |    49 ||    49
Dodge: Dodged            |    69 |   106 ||   175
